 Dungeon Crawl Stone Soup version 0.23.1-38-g628c18f (webtiles) character file.

Game seed: 7786175537590927612

616 Borgoz the Cutter (level 7, -2/41 HPs)
             Began as a Kobold Gladiator on Mar 28, 2019.
             Killed by divine providence
             ... invoked by an orc priest
              (14 damage)
             ... on level 4 of the Dungeon.
             The game lasted 00:06:25 (3405 turns).

Borgoz the Cutter (Kobold Gladiator)                Turns: 3405, Time: 00:06:26

Health: -2/41      AC:  5    Str: 13 (14) XL:     7   Next: 73%
Magic:  7/7        EV: 21    Int:  8 (9)  God:
Gold:   91         SH:  0    Dex: 16      Spells: 6/6 levels left

rFire    . . .     SeeInvis .   a - +0 rapier
rCold    . . .     Gourm    .   (shield restricted)
rNeg     . . .     Faith    .   e - +0 leather armour {rPois}
rPois    +         Spirit   .   c - +0 helmet
rElec    .         Reflect  .   (no cloak)
rCorr    .         Harm     .   g - +0 pair of gloves
MR       .....                  (no boots)
Stlth    ++........             (no amulet)
HPRegen  0.13/turn              p - +3 ring of evasion
MPRegen  0.10/turn              (no ring)

@: no status effects
A: small, carnivore
a: no special abilities


You were on level 4 of the Dungeon.
You were completely stuffed.

You visited 1 branch of the dungeon, and saw 4 of its levels.

You collected 91 gold pieces.

Inventory:

Hand Weapons
 a - a +0 rapier (weapon)
Missiles
 l - a throwing net (quivered)
Armour
 c - a +0 helmet (worn)
 e - a +0 leather armour of poison resistance (worn)
 g - a +0 pair of gloves (worn)
 k - a +2 ring mail of fire resistance
Jewellery
 p - a +3 ring of evasion (left hand)
Scrolls
 d - a scroll of magic mapping {unknown}
 i - a scroll of amnesia {unknown}
 j - a scroll of fear {unknown}
 m - a scroll of enchant armour
Potions
 b - a potion of brilliance
 o - a potion of might
 q - 2 potions of cancellation
Comestibles
 f - 6 rations
 n - a chunk of flesh


   Skills:
 + Level 3.5 Fighting
 * Level 6.5 Short Blades
 - Level 2.1 Throwing
 * Level 3.0 Armour
 * Level 5.9 Dodging
 + Level 3.6 Stealth


You had 6 spell levels left.
You didn't know any spells.
Your spell library was empty.

Dungeon Overview and Level Annotations

Branches:
Dungeon (4/15)
 Temple: D:4-7

Altars:
Kikubaaqudgha

Shops:
D:4 }


Innate Abilities, Weirdness & Mutations

You are small and have problems with some larger weapons.
You are carnivorous and can eat meat at any time.


Message History

You hit the orc priest but do no damage.
The orc priest mumbles some strange prayers to Beogh against you.
Beogh smites you!
You closely miss the orc priest. The orc priest completely misses you.
You hit the orc priest.
The orc priest is moderately wounded.
The orc priest misses you.
You puncture the orc priest!
The orc priest is almost dead.
You hit the orc priest but do no damage.
The orc priest is almost dead.
The orc priest calls down the wrath of Beogh upon you.
Beogh smites you!
* * * LOW HITPOINT WARNING * * *
You are too injured to fight recklessly!
You hit the orc priest.
The orc priest is almost dead.
The orc priest mumbles some strange prayers to Beogh against you.
Beogh smites you!
You die...

# .....# #.## .....#
.#. .....# # ..
.....#.# #.#.
.....#.#.#
####.<.####...........
......o@...##.........
####................#
#.......#........##
#...####...........
#..................
#....###........... #
................(... .
..#..###..#.###.....
#### #.........#
#.#.....


You could see an orc priest.

Vanquished Creatures
  2 ogres
  A howler monkey (D:4)
  A crimson imp (D:4)
  Ijyb (D:3)
  2 orc priests (D:4)
  2 orc wizards
  An iguana (D:4)
  2 worker ants (D:4)
  3 gnolls
  6 adders
  4 oozes
  An adder skeleton (D:4)
  3 worms
  A dart slug (D:1)
  9 orcs
  3 ball pythons
  2 giant cockroaches
  4 hobgoblins
  A quokka (D:3)
  2 bats
  A frilled lizard (D:1)
  4 goblins
  4 kobolds
  8 rats
68 creatures vanquished.

Vanquished Creatures (others)
  A human (D:2)
1 creature vanquished.

Grand Total: 69 creatures vanquished

Notes
Turn   | Place    | Note
-------+----------+-------------------------------------------
     0 | D:1      | Borgoz the Kobold Gladiator began the quest for the Orb.
     0 | D:1      | Reached XP level 1. HP: 12/12 MP: 1/1
   368 | D:1      | Reached XP level 2. HP: 17/17 MP: 2/2
   525 | D:1      | Reached skill level 1 in Stealth
   635 | D:2      | Reached skill level 1 in Armour
   635 | D:2      | Reached XP level 3. HP: 17/22 MP: 3/3
  1004 | D:2      | Found an ancient bone altar of Kikubaaqudgha.
  1004 | D:2      | Noticed a human
  1009 | D:2      | Killed a human
  1037 | D:2      | Reached XP level 4. HP: 27/27 MP: 4/4
  1107 | D:2      | Noticed an ogre
  1119 | D:2      | Killed an ogre
  1119 | D:2      | Reached skill level 5 in Short Blades
  1119 | D:2      | Reached XP level 5. HP: 32/32 MP: 5/5
  1542 | D:3      | Reached XP level 6. HP: 27/36 MP: 6/6
  1891 | D:3      | Noticed Ijyb
  1952 | D:3      | Killed Ijyb
  1952 | D:3      | Reached skill level 5 in Dodging
  2873 | D:4      | Found Xoliuck's Gadget Shop.
  2995 | D:4      | Reached skill level 6 in Short Blades
  2995 | D:4      | Reached XP level 7. HP: 41/41 MP: 7/7
  3405 | D:4      | Killed from afar by an orc priest

Skill      XL: |  1  2  3  4  5  6  7 |
---------------+----------------------+-----
Stealth        | 1 2 3 |  3.6
Armour         | 1 2 3 |  3.0
Dodging        | 4 5 |  5.9
Short Blades   | 5 6 |  6.5
Fighting       | 3 |  3.5
Throwing       | |  2.1

Action                   |  1- 3 |  4- 6 |  7- 9 || total
-------------------------+-------+-------+-------++-------
Melee: Rapier            |    71 |   188 |    77 ||   336
Throw: Throwing net      |       |     5 |       ||     5
  Use: Potion            |       |     5 |       ||     5
       Scroll            |       |     3 |       ||     3
 Stab: Sleeping          |     3 |     5 |       ||     8
       Held in net/web   |       |     2 |       ||     2
  Eat: Chunk             |     9 |     6 |     2 ||    17
Armor: Leather armour    |     8 |    18 |    11 ||    37
       Skin              |       |    30 |       ||    30
Dodge: Dodged            |    47 |   111 |    48 ||   206
